 Dungeon Crawl Stone Soup version 0.20-a0-739-g6bb112f (webtiles) character file.

95753 Gorglomux the Schismatic (level 15, 0/119 HPs)
             Began as a Demonspawn Abyssal Knight on Feb 23, 2017.
             Was an Elder of Lugonu.
             Succumbed to a merfolk impaler's poison
             ... on level 3 of the Shoals on Feb 24, 2017.
             The game lasted 01:38:27 (48368 turns).

Gorglomux the Schismatic (DsAK)                    Turns: 48368, Time: 01:38:28

Health: 0/119      AC: 34    Str: 23    XL:     15   Next: 67%
Magic:  31/36      EV: 17    Int: 14    God:    Lugonu [****..]
Gold:   2303       SH:  0    Dex: 20    Spells: 20/23 levels left

rFire    . . .     SeeInvis +   a - +5 quarterstaff (protect)
rCold    + . .     Gourm    +   p - +10 plate armour "Pomin" {*Contam rCorr MP+9}
rNeg     . . .     Faith    .   (shield currently unavailable)
rPois    .         Spirit   .   k - +2 hat
rElec    .         Reflect  .   u - +1 cloak
rCorr    +         Harm     .   e - +0 pair of gloves
MR       +....                  (no boots)
Stlth    +.........             w - amulet of the gourmand
Regen    0.3/turn               s - ring of see invisible
MPRegen  0.3/turn               f - +2 ring of strength

@: mighty, agile, lethally poisoned (0 -> -2), mesmerised
A: horns 2, yellow scales 3, cold resistance 1, demonic guardian 1, nightstalker
3, wild magic 1
a: Depart the Abyss, Bend Space, Banish, Corrupt, Renounce Religion


You were on level 3 of the Shoals.
You worshipped Lugonu.
Lugonu was greatly pleased with you.
You were full.

You visited 5 branches of the dungeon, and saw 26 of its levels.
You visited the Abyss 1 time.
You also visited: Sewer and Ice Cave.

You collected 2819 gold pieces.
You spent 516 gold pieces at shops.

Inventory:

Hand Weapons
 a - a +5 quarterstaff of protection (weapon)
 b - a +3 longbow of flaming
Missiles
 v - 65 tomahawks
 O - 183 arrows
 Z - 4 throwing nets (quivered)
Armour
 e - a +0 pair of gloves (worn)
 k - a +2 hat (worn)
 p - the +10 plate armour "Pomin" (worn) {*Contam rCorr MP+9}
   (You found it on level 6 of the Dungeon)

   It affects your magic capacity (+9).
   It causes magical contamination when unequipped.
   It protects you from acid and corrosion.
 u - a +1 cloak (worn)
Jewellery
 f - a +2 ring of strength (left hand)
 s - a ring of see invisible (right hand)
 w - an amulet of the gourmand (around neck)
Wands
 o - a wand of iceblast (5/15)
 y - a wand of iceblast (7/15)
 A - a wand of acid (3/15)
 D - a wand of digging (2/24)
 I - a wand of iceblast (10/15)
 L - a wand of lightning (10/15)
 N - a wand of iceblast (6/15)
Scrolls
 d - 7 scrolls of remove curse
 t - 7 scrolls of fog
 z - a scroll of enchant weapon
 B - 2 scrolls of blinking
 F - 3 scrolls of recharging
 G - 5 scrolls of fear
 H - a scroll of silence
 M - 7 scrolls of magic mapping
 P - 4 scrolls of enchant armour
 S - 2 scrolls of immolation
 T - 6 scrolls of teleportation
Potions
 i - 2 potions of might
 n - 5 potions of flight
 r - a potion of haste
 C - 4 potions of curing
 E - 2 potions of ambrosia
 R - a potion of invisibility
 U - 3 potions of mutation
 V - 2 potions of magic
 X - 2 potions of heal wounds
Miscellaneous
 W - a sack of spiders
 Y - a lamp of fire
Comestibles
 c - 13 bread rations
 q - 4 meat rations
 Q - a royal jelly


   Skills:
 - Level 11.4 Fighting
   Level 12.0 Maces & Flails
 - Level 9.4 Bows
 - Level 3.3 Throwing
 + Level 10.2 Armour
 + Level 7.6 Dodging
 - Level 4.6 Spellcasting
 - Level 5.2 Hexes
 - Level 16.1 Invocations
 - Level 3.7 Evocations


You had 20 spell levels left.
You knew the following spells:

 Your Spells              Type           Power        Failure   Level  Hunger
x - Confuse               Hex            ###.....     89%         3    ###....


Dungeon Overview and Level Annotations

Branches:
Dungeon (14/15)            Temple (0/1) D:7            Lair (6/6) D:11
 Shoals (2/4) Lair:3        Snake (1/4) Lair:4        Slime (0/5) Lair:6
    Orc (2/2) D:9             Elf (0/3) Orc:2        Vaults (0/5) D:14

Altars:
Ashenzari
Fedhas
Kikubaaqudgha
Nemelex Xobeh
Okawaru
Sif Muna
Trog
Yredelemnul
The Shining One
Beogh

Shops:
D:9 *   Orc:2 (((:

Annotations:
D:11 do lair 6
D:12 Frances
Shoals:1 corrupted
Shoals:3 Ilsuiw, Louise
Abyss:1 Azrael, Blork the orc, Erica, Erolcha, Joseph, Nergalle, Psyche, Rupert, Sonja


Innate Abilities, Weirdness & Mutations

You have a pair of horns on your head.
You are completely covered in yellow scales. (AC +4, rCorr)
A weak demonic guardian rushes to your aid.
You are completely attuned to the shadows.
Your flesh is cold resistant. (rC+)
Your spells are a little harder to cast, but a little more powerful.


Message History

The merfolk siren chants its luring song.
The water elemental closely misses you.
You don't have enough health at the moment.
Unknown command.
The merfolk siren chants its luring song. x2
The water elemental barely misses you. The water elemental closely misses you.
Ilsuiw casts a spell.
Ilsuiw blinks!
Unknown command.
* * * LOW HITPOINT WARNING * * *
You feel sick.
The merfolk siren chants its luring song. x2
The water elemental hits you.
The water elemental engulfs you in water!
The merfolk impaler closely misses you. The water elemental closely misses you.
With effort, you pull free of the water engulfing you.
You gasp with relief as air once again reaches your lungs.
You enter the shallow water.
Moving in this stuff is going to be slow.
You die...

≈≈≈≈≈≈≈≈≈≈≈≈≈≈≈≈
≈≈≈≈≈≈≈≈≈≈≈≈≈≈≈≈
≈≈≈≈≈≈≈≈≈≈≈≈≈≈≈≈
≈≈≈≈≈≈≈≈≈≈≈≈≈≈≈≈
≈≈≈≈≈≈≈@≈≈≈≈≈≈≈≈
≈≈≈≈≈≈≈.Em≈≈≈≈≈≈≈≈≈
≈≈≈≈≈≈..Em≈m≈≈≈≈≈≈≈
≈≈≈≈≈..##@≈≈≈≈≈≈≈≈≈
.!≈≈≈.###.Em≈≈≈....
≈≈≈ #.5≈≈...# ≈≈
≈≈≈≈@§E..##
≈.≈≈E≈...#
≈≈≈≈≈≈≈5.#


You could see Louise, a merfolk impaler, a merfolk, 3 water elementals and 2
merfolk sirens.

Vanquished Creatures
  Nessos (Lair:5)
  A merfolk javelineer (Shoals:1)
  2 merfolk impalers (Lair:3)
  Fannar (D:12)
  3 hydras
  8 vault guards
  A merfolk avatar (Shoals:2)
  A catoblepas (Lair:6)
  7 two-headed ogres
  A tengu warrior (D:13)
  An anaconda (Lair:6)
  An ogre mage (D:12)
  3 skeletal warriors (D:13)
  An unseen horror (D:14)
  3 sea snakes (Shoals:1)
  3 harpies (Shoals:1)
  An orc knight (Orc:1)
  7 orc sorcerers (Orc:2)
  3 ugly things
  2 fauns (Shoals:1)
  2 cyclopes
  2 manticores
  A merfolk siren (Shoals:1)
  Maurice (Orc:2)
  A water nymph (Shoals:1)
  4 black mambas
  2 ice statues
  A gargoyle (D:14)
  11 spiny frogs
  4 rime drakes
  4 kobold demonologists
  12 komodo dragons
  A tengu conjurer (D:13)
  3 meliai (D:13)
  7 merfolk (Shoals:1)
  14 hornets
  6 polar bears
  5 slime creatures
  5 trolls
  23 blink frogs
  3 snapping turtles
  4 dream sheep
  11 hippogriffs
  A shadow (D:12)
  3 water elementals (Shoals:1)
  A tarantella (shapeshifter) (D:14)
  2 basilisks
  4 fire elementals (D:13)
  26 yaks
  5 wraiths
  4 wyverns
  2 hungry ghosts (D:13)
  6 vampire mosquitoes
  9 wargs
  2 nagas (Lair:4)
  A soldier ant (D:14)
  8 porcupines
  26 water moccasins
  3 black bears
  14 orc warriors
  A slave (D:8)
  2 sky beasts
  An eye of draining (D:13)
  9 ice beasts (IceCv)
  A hornet zombie (D:11)
  12 ogres
  3 phantoms
  A necrophage (D:9)
  5 wolves (Lair:3)
  6 centaurs
  4 big kobolds
  14 crocodiles
  21 bullfrogs
  2 wyvern zombies
  A gnoll sergeant (D:9)
  2 scorpions
  8 killer bees
  The ghost of Nigilith the Slasher, a weakling DsFi (D:3)
  3 wights (D:6)
  3 electric eels
  6 howler monkeys
  7 crimson imps
  2 bullfrog zombies
  A quasit (D:9)
  5 hounds
  22 jellies
  3 bullfrog skeletons
  A centaur skeleton (D:12)
  12 orc priests
  3 iguanas
  44 orc wizards
  11 worker ants
  A hound zombie (D:7)
  A hound skeleton (D:6)
  2 worker ant zombies
  6 gnolls
  23 adders
  6 shadow imps
  12 white imps (Lair:1)
  10 oozes
  3 dart slugs
  8 worms
  A leopard gecko (D:4)
  87 orcs
  4 ball pythons
  3 giant cockroaches
  7 goblins
  9 hobgoblins
  15 jackals
  27 kobolds
  3 quokkas
  A ball python zombie (D:5)
  13 bats
  5 frilled lizards
  A leopard gecko zombie (D:6)
  2 quokka skeletons
  A quokka zombie (D:5)
  5 rats
  A spectral orc (D:9)
  2 plants (Lair:6)
771 creatures vanquished.

Vanquished Creatures (collateral kills)
  A merfolk javelineer (Shoals:1)
  2 hydras
  Pikel (D:8)
  An ice statue (IceCv)
  A centaur skeleton (D:10)
  A komodo dragon (Lair:3)
  2 spiny frogs
  A rime drake (Lair:6)
  The ghost of Ijustatesigmund the Conjurer, a novice GrWz (D:4)
  A merfolk (Shoals:1)
  A troll (D:9)
  A polar bear (Lair:6)
  A slime creature (D:11)
  Prince Ribbit (D:8)
  8 blink frogs
  A dream sheep (Shoals:1)
  3 yaks
  2 basilisks (Lair:4)
  A wyvern (D:10)
  A water moccasin (Lair:1)
  A porcupine (Lair:4)
  6 ice beasts
  A phantom (D:10)
  2 black bears
  An ogre (D:5)
  2 crocodiles (Lair:1)
  5 centaurs
  2 big kobolds
  2 bullfrogs
  A killer bee (D:11)
  5 orc wizards
  Ijyb (D:3)
  Natasha (D:3)
  5 gnolls
  5 orcs
  4 kobolds
76 creatures vanquished.

Vanquished Creatures (others)
  3 merfolk impalers (Shoals:1)
  A hydra (Lair:4)
  2 ice dragons (IceCv)
  2 merfolk aquamancers (Shoals:1)
  An alligator snapping turtle (Shoals:1)
  The ghost of Nico3ck the Grappler, a novice CeTm of Wu Jian (D:10)
  A sea snake (Lair:3)
  A slime creature (D:11)
  3 fauns (Shoals:1)
  2 cyclopes
  A water nymph (Shoals:1)
  5 merfolk (Shoals:1)
  A dream sheep (Shoals:1)
  A vampire (D:10)
  2 water elementals (Shoals:1)
  An orc warrior (D:6)
  An orc priest (D:6)
  4 orc wizards
  An orc (Orc:2)
  20 fungi
  17 plants
71 creatures vanquished.

Grand Total: 918 creatures vanquished

Notes
Turn   | Place    | Note
-------+----------+-------------------------------------------
     0 | Abyss:1  | Gorglomux the Demonspawn Abyssal Knight began the quest for the Orb.
     0 | Abyss:1  | Reached XP level 1. HP: 18/18 MP: 2/2
     0 | Abyss:1  | Found a corrupted altar of Lugonu.
    21 | Abyss:1  | Found a corrupted altar of Lugonu.
    39 | Abyss:1  | Noticed an insubstantial wisp
    41 | Abyss:1  | Noticed an efreet
    42 | Abyss:1  | Noticed an eye of draining
    43 | D:1      | Escaped the Abyss
   317 | D:1      | Upgraded the game from 0.20-a0-738-gb057e68 to 0.20-a0-739-g6bb112f
   454 | D:1      | Reached * piety under Lugonu
   595 | D:1      | Gained mutation: A weak demonic guardian rushes to your aid. [demonic ancestry]
   595 | D:1      | Reached XP level 2. HP: 21/24 MP: 3/3
  1062 | D:1      | Reached skill level 3 in Maces & Flails
  1188 | D:2      | Reached XP level 3. HP: 15/29 MP: 4/4
  1389 | D:2      | Found an iron altar of Okawaru.
  2156 | D:3      | Noticed Nigilith's ghost (weakling DsFi)
  2172 | D:3      | Killed Nigilith's ghost
  2172 | D:3      | Gained mutation: You are partially covered in yellow scales. (AC +2) [demonic ancestry]
  2172 | D:3      | Reached XP level 4. HP: 18/35 MP: 5/5
  2356 | D:3      | Reached skill level 1 in Dodging
  2360 | D:3      | Reached ** piety under Lugonu
  2569 | D:3      | Noticed Ijyb
  2580 | D:3      | Killed Ijyb
  2635 | D:3      | Gained mutation: You are mostly covered in yellow scales. (AC +3) [demonic ancestry]
  2635 | D:3      | Reached XP level 5. HP: 32/41 MP: 6/6
  3017 | D:3      | Noticed Natasha
  3039 | D:3      | Killed Natasha
  3039 | D:3      | Reached skill level 3 in Dodging
  3722 | D:4      | Gained mutation: You have a pair of small horns on your head. [demonic ancestry]
  3722 | D:4      | Reached XP level 6. HP: 47/47 MP: 7/7
  3729 | D:4      | Reached *** piety under Lugonu
  4324 | D:4      | Reached skill level 3 in Armour
  4542 | D:4      | Found an ancient bone altar of Kikubaaqudgha.
  4547 | D:4      | Found a sparkling altar of Nemelex Xobeh.
  4621 | D:4      | Noticed Ijustatesigmund's ghost (novice GrWz)
  4688 | D:4      | Killed Ijustatesigmund's ghost
  4688 | D:4      | Gained mutation: You are slightly more attuned to the shadows. [demonic ancestry]
  4688 | D:4      | Reached XP level 7. HP: 21/52 MP: 8/8
  4912 | D:5      | Entered Level 5 of the Dungeon
  4930 | D:5      | Noticed Blork the orc
  4947 | D:5      | Reached skill level 3 in Throwing
  4990 | D:5      | Reached skill level 3 in Invocations
  5122 | D:5      | Found a glowing drain.
  5130 | Sewer    | Entered a sewer
  5220 | Sewer    | Reached skill level 4 in Invocations
  5220 | Sewer    | Reached skill level 5 in Invocations
  5358 | Sewer    | Reached **** piety under Lugonu
  5554 | D:5      | Reached skill level 6 in Invocations
  5936 | D:5      | Found a bloodstained altar of Trog.
  5943 | D:5      | Banished Blork the orc
  5943 | D:5      | Gained mutation: You are significantly more attuned to the shadows. [demonic ancestry]
  5943 | D:5      | Reached XP level 8. HP: 46/58 MP: 11/13
  6042 | D:5      | Reached skill level 7 in Invocations
  6316 | D:6      | Reached skill level 8 in Invocations
  6541 | D:6      | Reached skill level 9 in Invocations
  6625 | D:6      | Got a crude plate armour
  6636 | D:6      | Identified the +10 plate armour "Pomin" {*Contam rCorr MP+9} (You found it on level 6 of the Dungeon)
  7205 | D:6      | Found a deep blue altar of Sif Muna.
  7655 | D:7      | Found a staircase to the Ecumenical Temple.
  7713 | D:7      | Noticed a hippogriff
  7731 | D:7      | Killed a hippogriff
  7731 | D:7      | Reached XP level 9. HP: 37/63 MP: 15/15
  7901 | D:7      | Reached skill level 6 in Armour
  7948 | D:7      | Found a shattered altar of Ashenzari.
  7965 | D:7      | Noticed Joseph
  7969 | D:7      | Banished Joseph
  8297 | D:8      | Noticed Erica
  8298 | D:8      | Banished Erica
  8790 | D:8      | Reached skill level 9 in Armour
  8808 | D:8      | Noticed Prince Ribbit
  8819 | D:8      | Killed Prince Ribbit
  8984 | D:8      | Noticed Pikel
  9002 | D:8      | Killed Pikel
  9031 | D:8      | You fall through a shaft for 2 floors!
  9031 | D:10     | Entered Level 10 of the Dungeon
  9032 | D:10     | Noticed Erolcha
  9043 | D:10     | Banished Erolcha
  9043 | D:10     | Reached skill level 6 in Dodging
  9043 | D:10     | Reached XP level 10. HP: 70/70 MP: 16/16
  9591 | D:9      | Noticed a two-headed ogre
  9593 | D:9      | Noticed Psyche
  9593 | D:9      | Banished Psyche
  9603 | D:9      | Killed a two-headed ogre
  9811 | D:9      | Found a staircase to the Orcish Mines.
  9816 | D:9      | Found Vulyph's General Store.
  9822 | D:9      | Bought a scroll of enchant weapon for 82 gold pieces
  9822 | D:9      | Bought a scroll of blinking for 82 gold pieces
  9822 | D:9      | Bought a scroll of vulnerability for 82 gold pieces
  9844 | D:9      | Found a basalt altar of Yredelemnul.
  9896 | D:9      | Reached skill level 6 in Fighting
 10478 | D:9      | Found a glowing golden altar of the Shining One.
 11596 | D:10     | HP: 4/82 [poisoned by a kobold]
 11601 | D:10     | HP: 2/82 [poisoned by a kobold]
 11606 | D:10     | HP: 1/82 [poisoned by a kobold]
 11613 | D:10     | HP: 1/82 [poisoned by a kobold]
 11621 | D:10     | HP: 1/82 [poisoned by a kobold]
 11650 | D:10     | Noticed Nico3ck's ghost (novice CeTm)
 11650 | D:10     | Banished Nico3ck's ghost
 11981 | D:10     | Reached skill level 9 in Fighting
 12409 | D:11     | Gained mutation: You are completely attuned to the shadows. [demonic ancestry]
 12409 | D:11     | Reached XP level 11. HP: 62/89 MP: 17/17
 12524 | D:11     | Found a blossoming altar of Fedhas.
 13910 | D:11     | Noticed Nergalle
 13910 | D:11     | Banished Nergalle
 14417 | D:11     | Noticed a purple ugly thing
 14448 | D:11     | Killed a purple ugly thing
 14631 | D:11     | Found a staircase to the Lair.
 14640 | D:11     | Gained mutation: Your spells are a little harder to cast, but a little more powerful. [potion of mutation]
 14640 | D:11     | Gained mutation: Your mind is acute. (Int +2) [potion of mutation]
 14640 | D:11     | Lost mutation: Your mind is acute. (Int +2) [potion of mutation]
 14640 | D:11     | Gained mutation: Your flesh is cold resistant. (rC+) [potion of mutation]
 14642 | Lair:1   | Entered Level 1 of the Lair of Beasts
 15247 | Lair:1   | Found a frozen archway.
 15412 | IceCv    | Entered an ice cave
 16774 | IceCv    | Reached skill level 6 in Maces & Flails
 16987 | IceCv    | Noticed an ice dragon
 16989 | IceCv    | Banished an ice dragon
 17063 | IceCv    | Noticed an ice dragon
 17063 | IceCv    | Banished an ice dragon
 17070 | IceCv    | Got a transparent pewter ring
 17072 | IceCv    | Identified the ring of the Insatiable Ships {-Tele rF+ rC+ MP+9} (You found it in an ice cave)
 17906 | Lair:1   | Reached XP level 12. HP: 83/100 MP: 18/18
 17985 | Lair:1   | HP: 3/100 [yak (9)]
 18043 | D:11     | HP: 2/100 [cyclops/large rock (17)]
 18900 | Lair:1   | Reached skill level 9 in Maces & Flails
 19373 | Lair:2   | Noticed a seven-headed hydra
 19373 | Lair:2   | Banished a seven-headed hydra
 19638 | Lair:2   | Found a basalt altar of Yredelemnul.
 20564 | Lair:3   | Noticed a six-headed hydra
 20566 | Lair:3   | Banished a six-headed hydra
 20607 | Lair:3   | Noticed a five-headed hydra
 20618 | Lair:3   | Killed a five-headed hydra
 20623 | Lair:3   | Noticed a five-headed hydra
 20636 | Lair:3   | Killed a five-headed hydra
 21191 | Lair:3   | Found a staircase to the Shoals.
 22089 | Lair:4   | Found a staircase to the Snake Pit.
 22529 | Lair:4   | Reached skill level 12 in Maces & Flails
 23147 | Lair:4   | Gained mutation: You have a pair of horns on your head. [demonic ancestry]
 23147 | Lair:4   | Reached XP level 13. HP: 93/106 MP: 19/19
 24018 | Lair:5   | Noticed Rupert
 24345 | Lair:5   | Learned a level 3 spell: Confuse
 24506 | Lair:5   | Reached skill level 1 in Hexes
 24576 | Lair:5   | Reached skill level 1 in Spellcasting
 24752 | Lair:5   | Noticed Nessos
 24805 | Lair:5   | Killed Nessos
 25175 | Lair:5   | Paralysed by Rupert for 4 turns
 25178 | Lair:5   | HP: 2/106 [Rupert/battleaxe of electrocution (20)]
 25601 | Lair:5   | Reached skill level 3 in Hexes
 25877 | Lair:4   | Reached skill level 3 in Spellcasting
 25987 | Lair:6   | Entered Level 6 of the Lair of Beasts
 26012 | Lair:6   | Found a staircase to the Slime Pits.
 26833 | Lair:6   | Reached skill level 1 in Evocations
 27491 | Lair:6   | Reached skill level 10 in Invocations
 27812 | Lair:6   | Reached skill level 3 in Evocations
 28259 | Lair:6   | Noticed a dire elephant
 28259 | Lair:6   | Noticed a dire elephant
 28315 | Lair:6   | Noticed a dire elephant
 28319 | Lair:6   | Noticed a dire elephant
 29304 | Lair:5   | Reached skill level 1 in Bows
 29441 | Lair:5   | Banished Rupert
 29787 | Lair:5   | Reached skill level 11 in Invocations
 30364 | D:12     | Noticed Frances
 30396 | D:12     | HP: 3/106 [soul eater/drain life[Frances] (17)]
 30415 | D:12     | Got an encrusted short sword
 30860 | D:12     | Reached XP level 14. HP: 38/113 MP: 22/22
 30876 | D:12     | Noticed Sonja
 30876 | D:12     | Banished Sonja
 31494 | D:12     | Reached skill level 3 in Bows
 32101 | D:10     | Paralysed by a hornet for 2 turns
 32176 | D:10     | Paralysed by a hornet for 3 turns
 32199 | D:10     | Reached skill level 12 in Invocations
 32208 | D:10     | Paralysed by a hornet for 3 turns
 33228 | D:12     | Noticed Fannar
 33262 | D:12     | Killed Fannar
 34325 | D:13     | Reached skill level 13 in Invocations
 34524 | D:13     | Noticed Azrael
 34539 | D:13     | Banished Azrael
 35154 | D:13     | Reached skill level 6 in Bows
 36362 | D:14     | Found a gate to the Vaults.
 36672 | D:13     | Reached skill level 14 in Invocations
 37529 | D:14     | Reached ***** piety under Lugonu
 37882 | D:14     | Found a huge runed gate.
 37882 | D:14     | Found a huge runed gate.
 37902 | D:14     | Found a huge runed gate.
 37903 | D:14     | Found a huge runed gate.
 38829 | D:14     | Identified the +10 short sword of the Pits of Slime {vamp, -Tele *Rage rF+ rC++} (You found it on level 12 of the Dungeon)
 38859 | D:14     | Gained mutation: You are completely covered in yellow scales. (AC +4, rCorr) [demonic ancestry]
 38859 | D:14     | Reached XP level 15. HP: 115/119 MP: 26/26
 39026 | Orc:1    | Entered Level 1 of the Orcish Mines
 39890 | Orc:2    | Entered Level 2 of the Orcish Mines
 39907 | Orc:2    | Reached skill level 15 in Invocations
 39951 | Orc:2    | Noticed Maurice
 39962 | Orc:2    | Killed Maurice
 40210 | Orc:2    | Found a staircase to the Elven Halls.
 40272 | Orc:2    | Paralysed by an orc sorcerer for 4 turns
 40899 | Orc:2    | Found Pofochan's Weapon Emporium.
 40908 | Orc:2    | Found Sungicur's Weapon Shop.
 40946 | Orc:2    | Paralysed by an orc sorcerer for 3 turns
 41141 | Orc:2    | Found a roughly hewn altar of Beogh.
 41444 | Orc:2    | Paralysed by an orc sorcerer for 3 turns
 41481 | Orc:2    | Found Bymim's Book Shop.
 41489 | Orc:2    | Found Saezou's Antique Weapon Emporium.
 41494 | Orc:2    | Bought an ivory dire flail for 270 gold pieces
 41494 | Orc:2    | Identified the +6 dire flail of Intimidation {antimagic, *Rage *Drain rElec Str+3} (You bought it in a shop on level 2 of the Orcish Mines)
 42105 | Snake:1  | Entered Level 1 of the Snake Pit
 42425 | Lair:4   | Reached ****** piety under Lugonu
 42460 | Shoals:1 | Entered Level 1 of the Shoals
 42473 | Shoals:1 | Reached skill level 9 in Bows
 44475 | Lair:3   | Reached skill level 16 in Invocations
 46083 | Shoals:1 | HP: 5/119 [poisoned by a sea snake]
 46088 | Shoals:1 | HP: 4/119 [poisoned by a sea snake]
 46093 | Shoals:1 | HP: 3/119 [poisoned by a sea snake]
 46100 | Shoals:1 | HP: 3/119 [poisoned by a sea snake]
 46108 | Shoals:1 | HP: 4/119 [poisoned by a sea snake]
 46628 | Shoals:1 | Corrupted Shoals:1
 48341 | Shoals:2 | You fall through a shaft!
 48341 | Shoals:3 | Noticed Ilsuiw
 48346 | Shoals:3 | Noticed Louise
 48364 | Shoals:3 | HP: 4/119 [poisoned by a merfolk impaler]
 48367 | Shoals:3 | HP: 1/119 [poisoned by a merfolk impaler]
 48368 | Shoals:3 | Succumbed to a merfolk impaler's poison

Vault maps used:
D:1:      shiori_arrival_maze
D:2:      lemuel_doored_altar
D:3:      grunt_ministairs_15, uniq_iyjb, uniq_natasha
D:4:      minitemple, first_bread, kennysheep_windowed_goal
D:5:      lightli_sewer_entry_pipes, bloody_trog, uniq_blork_the_orc
D:6:      led_sif_pool, minmay_a_box_with_orc_wizards_in_it
D:7:      minmay_temple_entry_poolview, basic_altar, uniq_joseph
D:8:      hangedman_little_slice_of_home, kennysheep_flooded_box, uniq_erica,
          uniq_pikel, uniq_prince_ribbit1
D:9:      lemuel_coloured_pillars_altar, yredelemnul_forgotten_temple_becter,
          orc_0_dummy, serial_shops, shop, uniq_psyche
D:10:     hive_lemuel, uniq_erolcha
D:11:     lair_entry_dummy, basic_altar, uniq_nergalle
D:12:     lemuel_ice_statue, uniq_frances, uniq_fannar, uniq_sonja
D:13:     uniq_azrael
D:14:     lemuel_bear_cage, erik_vaults_2, dk_noncrumbling_3
Lair:1:   lemuel_reptile_caves, portal_ice_cave_entry_imps, beast_lair_carwin_9,
          grunt_megastairs_3
Lair:2:   basic_altar
Lair:3:   minmay_shoals_entry_hut
Lair:4:   guppyfry_snake_entry_island, kennysheep_catoblepas_arena,
          lemuel_fruit_fields
Lair:5:   serial_bayou_lagoon_b, uniq_nessos, uniq_rupert
Lair:6:   due_jungle_book, minmay_slime_entry_jelly_boxes,
          infiniplex_staircase_pool
Shoals:1: nicolae_shoals_cliffside_cave, ldierk_geyser, nicolae_shoals_mertower
Shoals:2: argonaut_gorgonesque, uniq_kirke
Shoals:3: uniq_louise, uniq_ilsuiw
Snake:1:  grunt_ministairs_1, nicolae_snake_squiggles, spider_trap
Orc:2:    st_orc_town, uniq_maurice
Sewer:    sewer_co_15_rooms
IceCv:    ice_cave_small_dragons

Skill      XL: |  1  2  3  4  5  6  7  8  9 10 11 12 13 14 15 |
---------------+----------------------------------------------+-----
Maces & Flails | 2 3 4 7 12 | 12.0
Dodging        | 2 4 6 7 |  7.6
Armour         | 3 5 9 10 | 10.2
Throwing       | 2 3 |  3.3
Invocations    | 6 9 11 14 16 | 16.1
Fighting       | 9 11 | 11.4
Hexes          | 5 |  5.2
Spellcasting   | 4 |  4.6
Evocations     | 3 |  3.7
Bows           | 2 8 9 |  9.4

Action                   |  1- 3 |  4- 6 |  7- 9 | 10-12 | 13-15 || total
-------------------------+-------+-------+-------+-------+-------++-------
Melee: Mace              |   116 |   255 |   553 |   154 |       ||  1078
       Headbutt          |       |    18 |   102 |   410 |   670 ||  1200
       Whip              |       |       |       |  1773 |   902 ||  2675
       Quarterstaff      |       |       |       |       |  1814 ||  1814
       Morningstar       |       |       |       |       |    23 ||    23
 Fire: Longbow           |       |       |       |       |   148 ||   148
Throw: Javelin           |     1 |    24 |     7 |    25 |     8 ||    65
       Tomahawk          |       |     2 |       |       |    11 ||    13
       Throwing net      |       |       |       |       |     3 ||     3
Invok: Depart the Abyss  |     1 |       |       |       |       ||     1
       Banish            |       |       |     6 |    16 |    35 ||    57
       Bend Space        |       |       |       |     4 |    31 ||    35
       Corrupt           |       |       |       |       |     1 ||     1
Evoke: Wand              |       |       |       |     2 |     7 ||     9
       Lamp of fire      |       |       |       |       |     3 ||     3
  Use: Scroll            |     1 |       |    13 |     8 |    19 ||    41
       Potion            |       |     7 |     1 |     1 |    21 ||    30
 Stab: Distracted        |     1 |     1 |     1 |    18 |    18 ||    39
       Sleeping          |       |     1 |     2 |       |       ||     3
       Held in net/web   |       |       |       |       |     1 ||     1
  Eat: Chunk             |     4 |     8 |    17 |    62 |   101 ||   192
       Meat ration       |       |       |       |       |     1 ||     1
Armor: Leather armour    |    42 |    70 |       |       |       ||   112
       Scale mail        |       |    71 |   102 |       |       ||   173
       Plate armour      |       |       |   350 |  1615 |  2156 ||  4121
Dodge: Dodged            |   101 |   176 |   261 |   709 |  1144 ||  2391
